AoeStats
← Alkaersig

Arabia

511053855Analyzed
1v1 RM · 7h ago on Oct 3, 2026· 23m 43s· 2 players
Game mode
Random Map
Map size
Tiny (2 player)
Population
200
Speed
Normal
Resources
Standard
Victory
Conquest
Starting age
Dark Age
Ending age
Imperial Age
RankedLock teamsTeams togetherTeam positionsShared explorationLock speedFull tech treeHidden civsTurbo modeCheats
Victory
Defeat
🇩🇰 Mongols · Denmark
1191
+15
🇹🇼 Britons · Taiwan
1165
-15
漢堡君
6:05 Loom
8:56 Feudal Age
9:22 Man-at-Arms
21:49 Castle Age
19:59 Double-Bit Axe
20:28 Gold Mining
21:15 Fletching
21:44 Padded Archer Armor
22:26 Bodkin Arrow
23:04 Crossbowman
Alkaersig
6:01 Loom
9:07 Feudal Age
9:45 Double-Bit Axe
14:40 Forging
21:37 Castle Age
21:02 Bloodlines
22:25 Husbandry
22:36 Bow Saw
22:34 Scale Barding Armor
Connection lost

Rejoining the realm…

Still unreachable

The connection could not be restored.

Session expired

The server has moved on; the page needs a fresh start.